 Dungeon Crawl Stone Soup version 0.26-a0-597-gb535b0901c (webtiles) character file.

Game seed: 10919718729789944017

4104 Eifo4Ohj9gu9Dob0ohLe the Slicer (level 10, -7/71 HPs)
             Began as a Demonspawn Berserker on Aug 27, 2020.
             Was an Elder of Trog.
             Mangled by a yak (13 damage)
             ... on level 8 of the Dungeon.
             The game lasted 00:31:25 (8143 turns).

Eifo4Ohj9gu9Dob0ohLe the Slicer (DsBe)              Turns: 8143, Time: 00:31:26

Health: -7/71      AC: 16    Str: 21    XL:     10   Next: 6%
Magic:  10/10      EV: 14    Int: 13    God:    Trog [****..]
Gold:   166        SH:  0    Dex: 12    Spells: 9/9 levels left

rFire    + + .     SeeInvis +   h - +4 short sword (protect)
rCold    . . .     Faith    .   (no shield)
rNeg     . . .     Spirit   .   f - +2 leather armour {MR+}
rPois    .         Reflect  .   (helmet unavailable)
rElec    .         Harm     .   v - +2 cloak
rCorr    .         Rnd*Rage +   (no gloves)
MR       +....                  a - +0 pair of boots
Stlth    ++........             (no amulet)
HPRegen  0.21/turn              j - ring of protection from fire
MPRegen  0.12/turn              (no ring)

@: protection aura, berserk cooldown, slowed, very slow
A: antennae 3, berserk 1, demonic guardian 1, fire resistance 1, frail 1, sense
surroundings 1, evolution 1, big brain 2
a: Berserk, Trog's Hand, Brothers in Arms, Renounce Religion


You were on level 8 of the Dungeon.
You worshipped Trog.
Trog was greatly pleased with you.
You visited 1 branch of the dungeon, and saw 8 of its levels.

You collected 509 gold pieces.
You spent 343 gold pieces at shops.

Inventory:

Hand Weapons
 h - a +4 short sword of protection (weapon)
Missiles
 i - 81 poisoned darts (quivered)
Armour
 a - a +0 pair of boots (worn)
 f - a +2 leather armour of magic resistance (worn)
 v - a +2 cloak (worn)
 B - +0 acid dragon scales
Jewellery
 j - a ring of protection from fire (left hand)
 k - an uncursed ring of protection from fire
 u - a cursed ring of teleportation {unknown}
 x - a cursed amulet of inaccuracy {unknown}
Wands
 y - a wand of digging (5)
Scrolls
 b - 2 scrolls of amnesia
 c - 2 scrolls of teleportation
 d - 8 scrolls of identify
 l - 5 scrolls of remove curse
 m - 2 scrolls of fog
 n - a scroll of blinking
 o - a scroll of immolation
 q - 3 scrolls of brand weapon {unknown}
 z - a scroll of enchant weapon
 A - a scroll of noise {unknown}
Potions
 e - 2 potions of flight
 g - 2 potions of heal wounds
 p - 2 potions of curing
 r - a potion of ambrosia {unknown}
 s - 2 potions of lignification {unknown}
 t - a potion of stabbing {unknown}
 w - 2 potions of cancellation {unknown}


   Skills:
 + Level 7.3 Fighting
 + Level 9.3 Short Blades
 + Level 4.2 Armour
 + Level 5.6 Dodging
 + Level 4.4 Stealth


You had 9 spell levels left.
You didn't know any spells.
Your spell library was empty.

Dungeon Overview and Level Annotations

Branches:
Dungeon (8/15)             Temple (0/1) D:7
   Lair: D:8-11

Altars:
Ashenzari
Kikubaaqudgha
Wu Jian
Zin

Shops:
D:5 }   D:6 =[*?


Innate Abilities, Weirdness & Mutations

You have a pair of large antennae on your head. (SInv)
A weak demonic guardian rushes to your aid.
Your flesh is heat resistant. (rF+)
You have an extremely huge brain. (Int + 4)
You tend to lose your temper in combat.
You are frail. (-10% HP)
You passively map a small area around you.
You evolve.


Message History

Things that are here:
a yak corpse; a yak corpse; a yak corpse You puncture the ogre!
The ogre is severely wounded.
The ogre hits you with a +0 giant club!!
The yak barely misses you. The yak gores you!
* * * LOW HITPOINT WARNING * * *
You barely miss the ogre.
The ogre is severely wounded.
The ogre hits you with a +0 giant club.
* * * LOW HITPOINT WARNING * * *
You closely miss the ogre.
The ogre is severely wounded.
The yak gores you!
* * * LOW HITPOINT WARNING * * *
The yak gores you but does no damage.
You hit the ogre.
The ogre is almost dead.
The yak gores you!
You die...

* #. ** # , * #.
,,.. , ###.####
,..., , #..$...#
.... , , ,,
#.##.#.#O.... , ,
<**,#.#..#.......
* #.#.#.# , ,, ,
#<..#O# ** *
#..##@# #..#.YY#
, ...##...# ,* *
* *##..#..... , ,
* #.##.....# , ..
.#####. , #.##.*
.# , , .. .. * ,
, ,


You could see 2 yaks and an ogre.

Vanquished Creatures
  Pikel (D:7)
  Joseph (D:7)
  Maggie (D:7)
  4 yaks (D:8)
  Sigmund (D:4)
  3 humans (D:6)
  Menkaure (D:6)
  A sky beast (D:6)
  2 orc warriors (D:7)
  An ogre (D:4)
  A big kobold (D:7)
  3 bullfrogs
  2 scorpions
  A centaur zombie (D:6)
  A jelly (D:7)
  A bullfrog zombie (D:5)
  9 orc wizards
  A hound (D:4)
  A gnoll shaman (D:7)
  4 orc priests
  3 worker ants
  2 hound skeletons
  A worker ant zombie (D:6)
  7 gnolls
  7 adders
  A white imp (D:7)
  An ooze (D:4)
  3 worms
  2 dart slugs
  4 leopard geckos
  16 orcs
  A ball python (D:7)
  8 bats
  5 giant cockroaches
  5 goblins
  8 hobgoblins
  12 jackals
  3 quokkas
  5 frilled lizards
  A jackal skeleton (D:4)
  15 kobolds
  A quokka zombie (D:5)
  11 rats
162 creatures vanquished.

Vanquished Creatures (collateral kills)
  2 humans (D:6)
  A sky beast (D:7)
  An orc wizard (D:4)
  7 orcs
  A kobold (D:7)
12 creatures vanquished.

Grand Total: 174 creatures vanquished

Notes
Turn   | Place    | Note
-------+----------+-------------------------------------------
     0 | D:1      | Eifo4Ohj9gu9Dob0ohLe the Demonspawn Berserker began the
                  | quest for the Orb.
     0 | D:1      | Reached XP level 1. HP: 18/18 MP: 1/1
   260 | D:1      | Gained mutation: You have a pair of small antennae on your
                  | head. [demonic ancestry]
   260 | D:1      | Reached XP level 2. HP: 24/24 MP: 2/2
   322 | D:1      | Reached skill level 3 in Short Blades
   925 | D:1      | Gained mutation: You have a pair of antennae on your head.
                  | [demonic ancestry]
   925 | D:1      | Reached XP level 3. HP: 23/29 MP: 3/3
  1167 | D:2      | Reached ** piety under Trog
  1775 | D:2      | Gained mutation: You have a pair of large antennae on your
                  | head. (SInv) [demonic ancestry]
  1775 | D:2      | Reached XP level 4. HP: 34/35 MP: 4/4
  1957 | D:2      | Reached skill level 1 in Stealth
  2841 | D:4      | Reached XP level 5. HP: 42/42 MP: 5/5
  2862 | D:4      | Reached skill level 4 in Short Blades
  3042 | D:4      | Reached *** piety under Trog
  3045 | D:4      | Noticed Sigmund
  3051 | D:4      | Gained mutation: You have an unusually large brain. (Int
                  | +2) [demonic ancestry]
  3051 | D:4      | Reached XP level 6. HP: 48/48 MP: 6/6
  3061 | D:4      | Killed Sigmund
  3355 | D:4      | Reached skill level 5 in Short Blades
  3448 | D:4      | Gained mutation: A weak demonic guardian rushes to your
                  | aid. [demonic ancestry]
  3448 | D:4      | Reached XP level 7. HP: 50/55 MP: 7/7
  3560 | D:4      | Found a glowing silver altar of Zin.
  4056 | D:5      | Entered Level 5 of the Dungeon
  4538 | D:5      | Found Ovueru's Gadget Shoppe.
  4579 | D:5      | Gained mutation: You tend to lose your temper in combat.
                  | [potion of mutation]
  4579 | D:5      | Gained mutation: You are frail. (-10% HP) [potion of
                  | mutation]
  4579 | D:5      | Gained mutation: You evolve. [potion of mutation]
  4579 | D:5      | Gained mutation: You passively map a small area around you.
                  | [potion of mutation]
  4675 | D:5      | Reached **** piety under Trog
  4868 | D:5      | Found a shattered altar of Ashenzari.
  4868 | D:5      | Found an ancient bone altar of Kikubaaqudgha.
  4873 | D:5      | Reached skill level 5 in Fighting
  5373 | D:6      | Noticed Menkaure
  5378 | D:6      | Killed Menkaure
  5378 | D:6      | Reached skill level 6 in Short Blades
  5619 | D:6      | Reached XP level 8. HP: 40/55 MP: 8/8
  5713 | D:6      | Found Uveytin's Magic Scroll Boutique.
  5723 | D:6      | Bought a scroll of fog for 28 gold pieces
  5723 | D:6      | Bought a scroll of amnesia for 49 gold pieces
  5723 | D:6      | Bought a scroll of immolation for 49 gold pieces
  6138 | D:6      | Found Docykaha's Assorted Antiques.
  6193 | D:6      | Found an ornate altar of the Wu Jian Council.
  6390 | D:6      | Reached skill level 7 in Short Blades
  6610 | D:6      | Found Zaubatro's Antique Armour Shoppe.
  6699 | D:6      | Bought an embroidered cloak for 217 gold pieces
  6760 | D:6      | Found Gaseelof's Jewellery Shoppe.
  6840 | D:7      | Gained mutation: You have an extremely huge brain. (Int +
                  | 4) [demonic ancestry]
  6840 | D:7      | Reached XP level 9. HP: 62/62 MP: 9/9
  6935 | D:7      | Found a staircase to the Ecumenical Temple.
  7298 | D:7      | Noticed Pikel
  7334 | D:7      | Killed Pikel
  7334 | D:7      | Reached skill level 8 in Short Blades
  7334 | D:7      | Reached skill level 5 in Dodging
  7483 | D:7      | Noticed Joseph
  7495 | D:7      | Killed Joseph
  7760 | D:7      | Noticed Maggie
  7781 | D:7      | Killed Maggie
  8120 | D:8      | Reached skill level 9 in Short Blades
  8132 | D:8      | Gained mutation: Your flesh is heat resistant. (rF+)
                  | [demonic ancestry]
  8132 | D:8      | Reached XP level 10. HP: 69/71 MP: 10/10
  8143 | D:8      | Mangled by a yak

Illustrated notes

Levels and vault maps discovered:
D:1:      dpeg_arrival_tiny_a, layout_loops_ring
D:2:      layout_loops_ring
D:3:      layout_basic, wander_ebering_terrifying_dragon_lair
D:4:      layout_loops_ring, lemuel_round_altar, uniq_sigmund
D:5:      layout_loops_ring, gammafunk_temple_overflow_statue, serial_shops,
          shop, st_stairs_3, kennysheep_flooded_box
D:6:      layout_basic, kennysheep_mini_moat, serial_shops, shop, shop, shop,
          shop, minmay_ruffians, uniq_menkaure
D:7:      layout_basic, minmay_temple_entry_waves, uniq_pikel, uniq_maggie,
          uniq_joseph
D:8:      minmay_the_grid_four_pointed_star
          [minmay_the_grid_triangle_9x9_fully_insulated_deathbox,
          minmay_the_grid_triangle_9x9_skeleton,
          minmay_the_grid_triangle_9x9_semitri,
          minmay_the_grid_triangle_9x9_intruding_spiral,
          minmay_the_grid_prize_inner_circle], layout_basic, serial_shops, shop

Skill      XL: |  1  2  3  4  5  6  7  8  9 |
---------------+----------------------------+-----
Armour         | 2 3 4 |  4.2
Dodging        | 2 3 4 5 |  5.6
Short Blades   | 3 4 5 6 7 9 |  9.3
Stealth        | 1 2 4 |  4.4
Fighting       | 4 5 6 7 |  7.3

Action                   |  1- 3 |  4- 6 |  7- 9 | 10-12 || total
-------------------------+-------+-------+-------+-------++-------
Melee: Short sword       |   124 |   170 |   327 |    10 ||   631
Invok: Berserk           |       |     2 |    10 |       ||    12
  Use: Scroll            |     4 |     4 |       |       ||     8
       Potion            |     2 |       |     2 |       ||     4
 Stab: Sleeping          |     3 |     6 |     2 |       ||    11
       Distracted        |       |       |     1 |       ||     1
Armor: Animal skin       |    16 |       |       |       ||    16
       Leather armour    |     9 |    66 |    77 |     1 ||   153
       Skin              |     2 |       |       |       ||     2
       Chain mail        |     1 |       |       |       ||     1
Dodge: Dodged            |    83 |    96 |   153 |     4 ||   336

Table legend: (Time is in decaauts)
 A = Elapsed time spent in this place.
 B = Non-inter-level travel time spent in this place.
 C = Inter-level travel time spent in this place.
 D = Time resting spent in this place.
 E = Time spent auto-exploring this place.
 F = Levels seen in this place.
 G = Mean time per level.
                   A        B        C        D        E       F      G
               +--------+--------+--------+--------+--------+-----+--------+
         Total |   8133 |   8084 |     49 |   2878 |   2708 |   8 | 1016.6 |
       Dungeon |   8133 |   8084 |     49 |   2878 |   2708 |   8 | 1016.6 |
               +--------+--------+--------+--------+--------+-----+--------+

Top non-repeatable levels by time:
     D:6: 1441 daAuts
     D:7: 1320 daAuts
     D:5: 1300 daAuts
     D:4: 1225 daAuts
     D:1: 1144 daAuts
     D:2: 1043 daAuts
     D:3: 634 daAuts
     D:8: 23 daAuts
